 Dungeon Crawl Stone Soup version 0.20.1-1-g8b1a95d (webtiles) character file.

601 lorenzova the Magician (level 7, -9/36 HPs)
             Began as a Deep Elf Conjurer on Nov 19, 2017.
             Mangled by Prince Ribbit (18 damage)
             ... on level 5 of the Dungeon.
             The game lasted 00:09:55 (4849 turns).

lorenzova the Magician (Deep Elf Conjurer)          Turns: 4849, Time: 00:09:55

Health: -9/36      AC:  6    Str:  5    XL:     7   Next: 18%
Magic:  7/19       EV: 12    Int: 22    God:
Gold:   300        SH:  0    Dex: 15    Spells: 9/20 levels left

rFire    . . .     SeeInvis .   t - +1 flail (protect)
rCold    . . .     Gourm    .   (no shield)
rNeg     . . .     Faith    .   w - +3 leather armour
rPois    +         Spirit   .   (no helmet)
rElec    .         Reflect  .   (no cloak)
rCorr    .         Harm     .   (no gloves)
MR       +....                  (no boots)
Stlth    ++........             (no amulet)
Regen    0.2/turn               p - ring of poison resistance
MPRegen  0.2/turn               s - ring of protection from magic

@: no status effects
A: no striking features
a: no special abilities


You were on level 5 of the Dungeon.
You were very hungry.

You visited 1 branch of the dungeon, and saw 5 of its levels.

You collected 300 gold pieces.

Inventory:

Hand Weapons
 f - a +0 short sword
 t - a +1 flail of protection (weapon)
Armour
 a - a +0 robe
 w - a +3 leather armour (worn)
Jewellery
 j - an uncursed amulet of rage {unknown}
 p - a ring of poison resistance (left hand)
 r - an uncursed ring of positive energy
 s - a ring of protection from magic (right hand)
Scrolls
 e - 2 scrolls of magic mapping {unknown}
 h - a scroll of enchant armour {unknown}
 i - 3 scrolls of immolation {unknown}
 m - 3 scrolls of fog {unknown}
 o - 2 scrolls of blinking {unknown}
 u - 2 scrolls of remove curse {unknown}
 x - 2 scrolls of recharging {unknown}
 y - a scroll of noise {unknown}
 B - a scroll of fear {unknown}
 E - a scroll of enchant weapon {unknown}
 F - a scroll of amnesia {unknown}
Potions
 d - 2 potions of ambrosia
 g - a potion of might
 k - a potion of cancellation
 l - a potion of mutation
 n - 2 potions of magic
 q - a potion of resistance
 v - 2 potions of heal wounds
 A - a potion of lignification {unknown}
 G - a potion of curing {unknown}
Books
 b - a book of Conjurations

   Spells                             Type                      Level
   a - Magic Dart                     Conjuration                  1
   b - Searing Ray                    Conjuration                  2
   c - Dazzling Spray                 Conjuration/Hexes            3
   d - Fulminant Prism                Conjuration/Hexes            4
   e - Force Lance                    Conjuration/Translocation    4
   f - Iskenderun's Mystic Blast      Conjuration                  4
Comestibles
 c - 5 bread rations
 z - a fruit
 C - 2 royal jellies
 D - 2 meat rations


   Skills:
 - Level 2.4 Dodging
 - Level 2.4 Stealth
 * Level 7.4 Spellcasting
 * Level 7.3 Conjurations
 + Level 2.4 Hexes


You had 9 spell levels left.
You knew the following spells:

 Your Spells              Type           Power        Failure   Level  Hunger
a - Magic Dart            Conj           ####         1%          1    None
b - Searing Ray           Conj           #####.       1%          2    None
c - Iskenderun's Mystic   Conj           #####...     6%          4    ###....
d - Fulminant Prism       Conj/Hex       ####......   17%         4    ###....


Dungeon Overview and Level Annotations

Branches:
Dungeon (5/15)
 Temple: D:4-7

Altars:
Elyvilon
Makhleb
Trog

Annotations:
D:5 Eustachio, Prince Ribbit


Message History

You are feeling very hungry.
Prince Ribbit hits you but does no damage.
Casting: Iskenderun's Mystic Blast
Confirm with . or Enter, or press ? or * to list all spells.
Aiming: Searing Ray
Press: ? - help, Shift-Dir - straight line, f/p - Prince Ribbit
Aim: Prince Ribbit The searing ray hits Prince Ribbit.
Prince Ribbit is moderately wounded. (Press . to maintain the ray.) Prince Ribbit hits you!
Prince Ribbit hits you.
* * * LOW HITPOINT WARNING * * *
The searing ray hits Prince Ribbit.
Prince Ribbit is heavily wounded.
Prince Ribbit hits you but does no damage.
The searing ray misses Prince Ribbit.
Prince Ribbit hits you.
* * * LOW HITPOINT WARNING * * *
Prince Ribbit hits you!!
Ouch! That really hurt!
You die...

###.# #...# # #.#.#
.. #.#.#####... #
#.#....... #.
#.#.#...
#.##.#.#F##
...##....#..@.###.#
.......<....#.....#
#..#..........#####
...........#.##
...#.......#.# # #.
##.....##.. . .
#.....###### #
#.##.## #. #.#


You could see Prince Ribbit.

Vanquished Creatures
  A scorpion (D:3)
  A crimson imp (D:3)
  A hound (D:4)
  2 orc priests (D:4)
  3 orc wizards (D:4)
  Jessica (D:2)
  An iguana (D:4)
  Terence (D:2)
  3 worker ants
  A gnoll (D:1)
  5 adders
  A howler monkey skeleton (D:4)
  2 oozes
  A worm (D:2)
  A dart slug (D:2)
  20 orcs
  A ball python (D:4)
  6 bats
  10 giant cockroaches
  8 goblins
  9 hobgoblins
  7 jackals
  3 quokkas
  3 frilled lizards
  6 kobolds
  10 rats
108 creatures vanquished.

Vanquished Creatures (others)
  3 fulminant prisms (D:5)
3 creatures vanquished.

Grand Total: 111 creatures vanquished

Notes
Turn   | Place    | Note
-------+----------+-------------------------------------------
     0 | D:1      | lorenzova the Deep Elf Conjurer began the quest for the Orb.
     0 | D:1      | Reached XP level 1. HP: 10/10 MP: 6/6
    22 | D:1      | Reached XP level 2. HP: 15/15 MP: 1/8
    85 | D:1      | Learned a level 2 spell: Searing Ray
   347 | D:1      | Reached XP level 3. HP: 19/19 MP: 2/10
   796 | D:2      | Reached skill level 5 in Conjurations
   959 | D:2      | Found a bloodstained altar of Trog.
   962 | D:2      | Found a white marble altar of Elyvilon.
   965 | D:2      | Found a burning altar of Makhleb.
  1127 | D:2      | Noticed Jessica
  1137 | D:2      | Killed Jessica
  1137 | D:2      | Reached skill level 5 in Spellcasting
  1137 | D:2      | Reached XP level 4. HP: 24/24 MP: 10/13
  1353 | D:2      | Learned a level 4 spell: Iskenderun's Mystic Blast
  1386 | D:2      | Noticed Terence
  1393 | D:2      | Killed Terence
  2010 | D:3      | Reached XP level 5. HP: 28/28 MP: 13/15
  2928 | D:3      | Reached XP level 6. HP: 32/32 MP: 9/17
  2934 | D:3      | Learned a level 4 spell: Fulminant Prism
  3133 | D:4      | Reached skill level 1 in Hexes
  3736 | D:4      | Reached XP level 7. HP: 36/36 MP: 6/19
  4659 | D:5      | Entered Level 5 of the Dungeon
  4689 | D:5      | Noticed Eustachio
  4839 | D:5      | Noticed Prince Ribbit
  4849 | D:5      | Mangled by Prince Ribbit

Skill      XL: |  1  2  3  4  5  6 |
---------------+-------------------+-----
Spellcasting   | 4 5 6 7 |  7.4
Conjurations   | 5 6 7 |  7.3
Hexes          | 2 |  2.4
Dodging        | |  2.4
Stealth        | |  2.4

Action                   |  1- 3 |  4- 6 |  7- 9 || total
-------------------------+-------+-------+-------++-------
Melee: Flail             |       |       |     1 ||     1
 Cast: Magic Dart        |    61 |   123 |    14 ||   198
       Searing Ray       |       |     6 |     3 ||     9
       Iskenderun's Myst |       |     8 |     3 ||    11
       Fulminant Prism   |       |       |     3 ||     3
  Use: Scroll            |       |     7 |       ||     7
  Eat: Chunk             |       |     9 |     3 ||    12
Armor: Leather armour    |       |     3 |     3 ||     6
Dodge: Dodged            |     5 |     6 |       ||    11
